Map: 이어 제로 - 래더

Players

soO

  • Race: Zerg Zerg
  • Spawn Location: 1:00

Kelazhur - Winner!

  • Race: Terran Terran
  • Spawn Location: 11:00

Event: IEM Season 13: Katowice (2019)

VOD

Have the link to the VOD?

Description

Time

  • Played on: Feb. 26, 2019, 5:24 a.m.
  • Length: 17:54

All games in this series

Show
View Real Time Build Order
Export as new Build Order

soO Zerg 

Build Orders: Hatch First, Roach Hydra 

Get SALT Encoding   

  12  0:00  Drone  
  13  0:12  Overlord  
  13  0:17  Drone  
  14  0:31  Drone x2  
  14  0:34  Drone  
  17  0:52  Hatchery  
  17  0:55  Drone  
  17  0:58  Drone  
  18  1:10  Extractor  
  17  1:13  Spawning Pool  
  17  1:16  Drone  
  17  1:20  Drone  
  18  1:28  Drone  
  19  1:39  Overlord  
  19  1:49  Drone  
  20  2:00  Queen, Zergling x2  
  23  2:03  Queen  
  23  2:04  Zergling x2  
  26  2:09  Metabolic Boost  
  26  2:16  Drone  
  27  2:29  Hatchery  
  26  2:31  Drone  
  26  2:34  Drone  
  28  2:37  Drone  
  28  2:39  Drone  
  30  2:48  Queen  
  32  2:53  Overlord  
  32  2:57  Drone  
  33  2:58  Drone  
  33  3:01  Drone  
  35  3:14  Drone x4  
  35  3:15  Drone x2  
  35  3:17  Drone  
  42  3:22  Overlord  
  42  3:27  Queen  
  42  3:33  Overlord  
  44  3:40  Drone x2  
  44  3:41  Drone x3  
  49  3:44  Drone  
  50  3:51  Drone  
  50  3:52  Drone  
  52  3:57  Queen  
  52  3:59  Extractor  
  52  4:00  Extractor  
  52  4:01  Roach Warren  
  51  4:03  Zergling x6  
  51  4:06  Drone  
  51  4:07  Drone  
  56  4:12  Lair  
  56  4:14  Overlord  
  56  4:19  Drone, Overlord  
  57  4:28  Drone  
  57  4:29  Drone  
  57  4:30  Spore Crawler  
  58  4:33  Drone  
  58  4:37  Spore Crawler  
  58  4:38  Drone x2  
  60  4:39  Drone x3  
  60  4:42  Drone  
  64  4:49  Roach x3  
  64  4:50  Roach  
  64  4:52  Drone  
  73  4:59  Drone x3  
  76  5:02  Spore Crawler  
  76  5:03  Drone  
  76  5:06  Drone x3  
  79  5:10  Overseer  
  79  5:11  Overseer  
  79  5:12  Glial Reconstitution  
  79  5:17  Overlord  
  79  5:20  Roach  
  81  5:26  Overlord  
  81  5:31  Overlord  
  81  5:33  Drone, Overlord  
  82  5:36  Drone x2  
  82  5:37  Extractor  
  82  5:38  Roach x3, Extractor  
  82  5:42  Drone x2  
  90  5:45  Extractor  
  90  5:46  Drone x4  
  93  5:50  Roach x3  
  93  5:54  Roach  
  93  5:55  Roach  
  103  5:59  Drone  
  103  6:04  Evolution Chamber  
  103  6:06  Evolution Chamber  
  102  6:13  Drone x3  
  102  6:14  Drone  
  102  6:16  Drone  
  102  6:17  Drone  
  102  6:18  Drone x2, Hydralisk Den  
  109  6:24  Queen  
  104  6:37  Spore Crawler, Drone x3  
  106  6:41  Drone, Zerg Missile Weapons Level 1, Zerg Ground Armor Level 1  
  106  6:44  Roach x3  
  106  6:46  Overlord  
  113  6:47  Overlord  
  113  6:50  Grooved Spines  
  113  7:00  Drone, Overlord  
  114  7:02  Hatchery  
  114  7:05  Drone  
  114  7:09  Hydralisk x7, Infestation Pit  
  114  7:12  Roach  
  127  7:16  Drone x2  
  127  7:21  Queen  
  127  7:22  Hatchery  
  130  7:29  Ravager  
  131  7:32  Hydralisk x4  
  138  7:39  Overlord  
  138  7:42  Overseer  
  136  7:45  Overlord  
  136  7:51  Hive  
  135  7:53  Drone  
  135  7:54  Drone  
  135  7:55  Overlord x2  
  137  7:59  Spire  
  137  8:01  Drone  
  137  8:02  Drone x7  
  137  8:03  Muscular Augments  
  142  8:13  Pneumatized Carapace  
  142  8:18  Hydralisk x2, Extractor  
  142  8:19  Roach x2, Hydralisk  
  151  8:22  Extractor  
  150  8:28  Overlord  
  146  8:34  Drone  
  146  8:35  Drone  
  146  8:36  Spore Crawler  
  146  8:37  Zerg Ground Armor Level 2, Zerg Missile Weapons Level 2  
  147  8:52  Drone  
  147  8:54  Spore Crawler  
  147  8:57  Drone x3  
  147  8:58  Drone  
  151  9:04  Viper x2  
  151  9:06  Roach x3, Hydralisk x2  
  151  9:07  Overlord  
  167  9:14  Overlord  
  167  9:16  Greater Spire, Overlord  
  167  9:17  Overlord  
  167  9:22  Overlord  
  167  9:34  Roach  
  167  9:35  Roach x5  
  167  9:37  Hatchery  
  178  9:42  Viper x2  
  180  9:46  Drone x3  
  180  9:47  Drone  
  182  10:01  Roach  
  182  10:02  Roach x7  
  198  10:11  Hatchery  
  184  10:38  Hydralisk x6  
  183  10:57  Spawning Pool  
  183  11:01  Roach x4  
  183  11:02  Overlord, Zerg Flyer Weapons Level 1  
  182  11:15  Zerg Missile Weapons Level 3, Zerg Ground Armor Level 3  
  184  11:18  Roach x4  
  180  11:33  Corruptor x5  
  180  11:34  Corruptor x2  
  192  11:43  Drone x3  
  192  11:44  Drone x2  
  185  11:55  Overseer  
  181  12:02  Roach x9  
  181  12:08  Extractor, Spine Crawler  
  197  12:10  Spine Crawler  
  197  12:11  Extractor, Spine Crawler  
  197  12:12  Spine Crawler  
  177  12:29  Drone x3  
  173  12:30  Drone x4  
  172  12:40  Hydralisk x4  
  172  12:41  Roach x5  
  157  12:53  Drone x3  
  157  12:54  Drone x3  
  159  12:59  Overseer  
  157  13:17  Hydralisk x5  
  157  13:18  Roach x4  
  173  13:23  Zerg Flyer Weapons Level 2  
  173  13:27  Drone x6  
  173  13:29  Ravager  
  173  13:30  Spore Crawler  
  189  13:49  Spore Crawler  
  189  13:51  Hydralisk x5  
  168  14:09  Corruptor x4  
  168  14:10  Spore Crawler, Corruptor x4  
  179  14:19  Hydralisk x4  
  179  14:20  Hydralisk  
  181  14:42  Hydralisk x5  
  181  14:44  Overseer, Overlord  
  181  14:45  Hatchery  
  175  14:56  Hydralisk x3  
  175  14:57  Hydralisk x6  
  157  15:02  Hydralisk x3  
  157  15:05  Hydralisk x8  
  170  15:12  Hydralisk x2  
  159  15:25  Corruptor x3  
  159  15:26  Corruptor x2  
  169  15:35  Spore Crawler  
  168  15:41  Drone, Hatchery  
  168  15:52  Hatchery  
  168  15:54  Overseer  
  167  16:11  Overlord  
  167  16:12  Overlord  
  167  16:20  Brood Lord x6  
  170  16:27  Corruptor x6  
  182  16:36  Drone x2  
  184  16:43  Extractor  
  184  16:45  Extractor  
  179  16:49  Corruptor x6, Hatchery  
  128  17:26  Hydralisk x10  
  128  17:27  Hydralisk  
Show
View Real Time Build Order
Export as new Build Order

Kelazhur Terran - Winner!

Build Orders: Command Center First (CC), Hellion Banshee, Mech 

Get SALT Encoding   

  12  0:00  SCV  
  13  0:12  SCV  
  14  0:17  Supply Depot  
  14  0:24  SCV  
  15  0:39  SCV  
  16  0:51  SCV  
  17  1:00  Command Center  
  17  1:03  SCV  
  18  1:14  Barracks  
  18  1:17  SCV  
  19  1:22  Refinery  
  19  1:29  SCV  
  19  1:32  Refinery  
  20  1:41  SCV  
  21  1:53  SCV  
  22  2:01  Reaper  
  22  2:05  Orbital Command  
  23  2:11  Orbital Command  
  23  2:19  Factory  
  23  2:29  Supply Depot  
  23  2:30  SCV  
  23  2:33  Barracks Reactor  
  23  2:37  SCV  
  25  2:42  SCV  
  26  2:49  SCV  
  27  2:55  SCV  
  28  3:01  SCV  
  28  3:05  Starport  
  29  3:07  SCV  
  29  3:12  Supply Depot  
  30  3:13  SCV, Hellion x2  
  30  3:19  SCV, Barracks Tech Lab  
  36  3:25  SCV  
  37  3:31  SCV  
  38  3:34  Hellion x2  
  38  3:39  Supply Depot  
  42  3:43  SCV  
  43  3:48  Banshee  
  43  3:49  Marine, Hyperflight Rotors  
  43  3:50  SCV  
  43  3:55  SCV  
  49  3:57  Hellion x2  
  53  4:03  Supply Depot, SCV  
  53  4:07  SCV  
  55  4:15  SCV, Command Center  
  56  4:19  SCV  
  57  4:25  Hellion  
  57  4:26  Hellion  
  57  4:27  SCV  
  57  4:31  Banshee  
  62  4:34  SCV  
  66  4:40  Supply Depot  
  66  4:43  Armory  
  66  4:44  SCV  
  66  4:54  SCV  
  66  4:57  Factory Tech Lab, Bunker  
  67  5:00  Refinery, SCV  
  67  5:01  Refinery  
  67  5:02  Supply Depot  
  67  5:03  Supply Depot  
  67  5:06  SCV  
  69  5:07  Marine x2  
  69  5:14  Banshee, SCV  
  71  5:16  Siege Tank  
  71  5:19  Supply Depot  
  78  5:25  SCV  
  78  5:27  Marine x2  
  81  5:30  Orbital Command  
  79  5:37  SCV x2  
  79  5:38  Factory x2  
  81  5:46  Supply Depot  
  81  5:49  SCV x2, Siege Tank  
  86  5:52  Orbital Command  
  86  6:01  SCV x2  
  88  6:13  SCV  
  88  6:15  Refinery, Banshee  
  88  6:16  Refinery, SCV  
  88  6:18  SCV  
  94  6:21  Siege Tank  
  94  6:24  Terran Vehicle Weapons Level 1, Command Center  
  94  6:25  SCV  
  98  6:28  SCV  
  98  6:30  SCV  
  100  6:34  Factory Tech Lab  
  100  6:37  SCV  
  101  6:40  SCV  
  101  6:44  SCV  
  101  6:46  Supply Depot  
  103  6:47  Supply Depot  
  103  6:49  SCV, Hellion x2  
  103  6:52  Engineering Bay, SCV  
  109  6:56  SCV  
  109  7:00  Mag-Field Accelerator, Cyclone x2  
  116  7:01  SCV  
  116  7:05  SCV  
  116  7:08  SCV  
  119  7:09  Factory x2  
  119  7:13  SCV  
  119  7:14  Hellion  
  125  7:17  SCV  
  125  7:19  Supply Depot  
  125  7:20  SCV, Viking  
  126  7:26  SCV  
  127  7:30  SCV  
  127  7:31  Hellion  
  127  7:32  Missile Turret, SCV, Infernal Pre-Igniter  
  127  7:34  Cyclone  
  134  7:38  SCV  
  135  7:45  Cyclone  
  135  7:50  Supply Depot x2, SCV  
  137  7:53  Factory Tech Lab  
  137  7:54  Factory Reactor  
  137  7:55  Viking  
  139  7:58  Hellion  
  139  7:59  Hellion  
  139  8:04  Armory, Refinery x2  
  139  8:05  Missile Turret  
  139  8:08  Supply Depot, Cyclone  
  139  8:10  SCV  
  139  8:11  SCV  
  144  8:15  Cyclone  
  147  8:23  Cyclone  
  147  8:25  Banshee  
  153  8:29  Hellion x2  
  157  8:35  Planetary Fortress  
  157  8:37  SCV x3  
  160  8:43  Cyclone  
  160  8:46  Hellion x2  
  160  8:48  Hellion  
  165  8:49  SCV x2  
  165  8:51  Terran Vehicle And Ship Armor Level 1  
  165  8:53  Terran Vehicle Weapons Level 2  
  165  8:54  SCV  
  168  9:01  SCV  
  169  9:04  Cyclone  
  169  9:05  Hellion  
  169  9:06  Hellion  
  176  9:11  Factory  
  176  9:13  Factory  
  176  9:16  Cyclone  
  176  9:17  Cyclone  
  185  9:18  Hellion  
  185  9:23  Supply Depot  
  187  9:25  Hellion  
  186  9:33  Hellion  
  186  9:36  Hellion  
  188  9:39  Factory x2  
  188  9:41  Factory  
  187  9:45  Cyclone  
  187  9:46  Hellion  
  187  9:47  Hellion  
  187  9:49  Cyclone  
  192  9:55  Cyclone  
  195  10:07  Hellion  
  195  10:08  Command Center  
  195  10:12  Hellion  
  195  10:15  Factory Reactor, Factory Tech Lab  
  195  10:16  Supply Depot  
  195  10:24  Supply Depot  
  195  10:26  Hellion  
  195  10:27  Hellion  
  195  10:32  Cyclone  
  195  10:33  Factory Tech Lab  
  194  10:38  Cyclone x2  
  200  10:47  Cyclone  
  200  10:48  Hellion x3  
  189  10:57  Hellion  
  189  10:58  Hellion x3  
  197  11:04  Cyclone  
  197  11:09  Banshee  
  197  11:10  Cyclone  
  197  11:18  Command Center  
  197  11:19  Cyclone, Command Center  
  197  11:21  Cyclone  
  197  11:23  Command Center  
  197  11:24  Hellion x2  
  187  11:28  Cloaking Field  
  187  11:32  Starport  
  179  11:33  Terran Vehicle And Ship Armor Level 2, Starport x2  
  179  11:34  Missile Turret, Terran Vehicle Weapons Level 3  
  179  11:35  Fusion Core, Cyclone  
  179  11:36  Hellion x3, Cyclone  
  179  11:37  Hellion  
  190  11:42  Planetary Fortress, Cyclone  
  190  11:45  Hellion  
  190  11:46  Hellion  
  191  11:51  Cyclone  
  191  11:52  SCV x2  
  193  11:57  Cyclone  
  192  12:02  Hellion x4  
  192  12:05  Liberator  
  192  12:08  Cyclone  
  200  12:13  Cyclone  
  200  12:14  Starport Reactor, Cyclone  
  200  12:15  Starport Reactor  
  197  12:16  Starport Reactor  
  178  12:23  Cyclone  
  178  12:29  Cyclone  
  166  12:31  Hellion  
  168  12:37  Hellion x3  
  168  12:39  Hellion x2  
  168  12:40  Cyclone  
  173  12:47  Advanced Ballistics  
  173  12:48  Starport Reactor  
  173  12:50  Cyclone x2  
  166  12:55  Cyclone  
  169  13:01  Cyclone  
  169  13:05  Hellion x3  
  178  13:07  Liberator x5  
  178  13:11  Barracks  
  178  13:12  Cyclone  
  179  13:22  Cyclone  
  194  13:30  SCV x2  
  194  13:32  SCV x2  
  195  13:58  Cyclone  
  193  14:03  Cyclone x2  
  193  14:06  Hellion x2  
  199  14:11  Terran Vehicle And Ship Armor Level 3  
  199  14:14  Orbital Command  
  199  14:15  Liberator, Orbital Command  
  199  14:22  Liberator x3  
  199  14:29  Liberator x2  
  199  14:30  Cyclone x2  
  182  14:38  Terran Ship Weapons Level 1  
  182  14:42  Command Center  
  189  14:47  Cyclone  
  196  14:53  Cyclone  
  196  14:56  Hellion  
  196  14:57  Hellion x2  
  179  15:00  Cyclone  
  179  15:02  Cyclone  
  156  15:16  Cyclone  
  156  15:22  Cyclone  
  156  15:23  Hellion  
  156  15:24  Hellion  
  156  15:25  Hellion x4  
  156  15:26  Planetary Fortress, Cyclone  
  156  15:27  Refinery  
  156  15:28  Refinery  
  174  15:32  Cyclone  
  174  15:34  Hellion  
  176  15:44  Hellion  
  176  15:46  Hellion  
  176  15:48  Cyclone, Command Center  
  176  15:49  Smart Servos  
  183  15:51  Hellion x3  
  183  15:54  Cyclone  
  183  15:55  Cyclone  
  183  15:56  Liberator, Planetary Fortress  
  195  16:02  Missile Turret  
  192  16:04  Hellion, Cyclone  
  192  16:05  Hellion  
  192  16:08  Refinery  
  193  16:12  Refinery  
  192  16:23  Missile Turret  
  192  16:29  Cyclone x2  
  192  16:31  Liberator x2, Hellion  
  192  16:32  Liberator  
  192  17:07  Cyclone x4  
  192  17:08  Hellion x2  
  199  17:12  Hellion  
  169  17:15  Cyclone  
  169  17:16  Hellion x2  
  169  17:17  Hellion x2  
  162  17:29  Hellion  

Tags
 
Add a new tag
Caveats
  • Supply blocks, unpowered buildings, or Contaminate may cause inaccurate times.
  • Supply counts are checked every 10 seconds.